AoeStats
← KnightsTemplar

Black Forest

510738056Analyzed
2v2 RM · 8h ago on Oct 2, 2026· 59m 16s· 4 players
Game mode
Random Map
Map size
Medium (4 player)
Population
200
Speed
Normal
Resources
Standard
Victory
Conquest
Starting age
Dark Age
Ending age
Imperial Age
RankedLock teamsTeams togetherTeam positionsShared explorationLock speedFull tech treeHidden civsTurbo modeCheats
Victory
Defeat
🇳🇱 Khmer · Netherlands
663
+15
🇬🇧 Huns · United Kingdom
558
+20
🇹🇷 Britons · Türkiye
668
-19
🇹🇷 Teutons · Türkiye
604
-16
SmokedMyself
0:28 Loom
10:53 Feudal Age
11:41 Double-Bit Axe
14:44 Gold Mining
19:55 Castle Age
19:25 Fletching
21:30 Wheelbarrow
21:02 Horse Collar
21:36 Bow Saw
22:57 Heavy Plow
24:35 Caravan
25:53 Stone Mining
27:33 Gold Shaft Mining
27:31 Hand Cart
28:37 Padded Archer Armor
32:16 Yeomen
31:55 Bodkin Arrow
32:16 Leather Archer Armor
33:26 Leather Archer Armor
38:18 Imperial Age
36:52 Ballistics
38:19 Elite Longbowman
39:02 Bracer
39:32 Ring Archer Armor
38:32 Pikeman
39:13 Squires
38:35 Capped Ram
39:11 Halberdier
40:03 Forging
39:54 Scale Mail Armor
41:10 Chemistry
42:26 Iron Casting
41:15 Onager
Adags
0:42 Loom
17:24 Feudal Age
20:08 Horse Collar
20:23 Double-Bit Axe
20:33 Gold Mining
25:55 Castle Age
27:48 Heavy Plow
28:06 Bow Saw
30:29 Caravan
31:14 Coinage
37:16 Elite Skirmisher
37:19 Pikeman
38:01 Squires
37:50 Arson
41:26 Imperial Age
39:12 Masonry
39:13 Fortified Wall
38:54 Town Watch
39:45 Wheelbarrow
41:04 Stone Mining
42:30 Stone Shaft Mining
42:27 Forging
42:23 Scale Mail Armor
42:16 Fletching
42:27 Padded Archer Armor
43:31 Two-Man Saw
43:49 Chemistry
42:27 Halberdier
44:50 Elite Teutonic Knight
44:58 Cavalier
52:41 Bodkin Arrow
53:02 Leather Archer Armor
53:25 Iron Casting
oompeter
13:01 Feudal Age
14:57 Double-Bit Axe
20:27 Castle Age
20:21 Stone Mining
20:22 Gold Mining
20:17 Horse Collar
22:20 Wheelbarrow
27:17 Hand Cart
27:37 Bow Saw
28:37 Heavy Plow
31:05 Stone Shaft Mining
31:07 Gold Shaft Mining
35:03 Imperial Age
34:29 Scale Barding Armor
34:24 Scale Mail Armor
34:34 Forging
35:55 Double Crossbow
36:29 Fishing Lines
36:16 Heavy Scorpion
37:13 Padded Archer Armor
38:29 Crop Rotation
39:14 Pikeman
39:25 Elite Ballista Elephant
40:36 Halberdier
42:39 Chemistry
42:43 Chain Barding Armor
42:39 Chain Mail Armor
42:59 Iron Casting
42:15 Fletching
42:40 Leather Archer Armor
46:08 Plate Barding Armor
46:38 Blast Furnace
49:54 Elite Skirmisher
57:30 Coinage
57:00 Caravan
KnightsTemplar
11:07 Loom
15:19 Feudal Age
16:05 Double-Bit Axe
16:05 Horse Collar
23:28 Castle Age
24:05 Bloodlines
24:11 Caravan
24:19 Husbandry
25:09 Scale Barding Armor
25:15 Forging
24:56 Fletching
25:17 Arson
25:33 Squires
24:56 Pikeman
25:36 Stone Mining
26:40 Bow Saw
28:26 Wheelbarrow
29:40 Heavy Plow
29:06 Light Cavalry
31:51 Marauders
33:27 Hand Cart
36:07 Imperial Age
37:52 Chemistry
37:13 Ballistics
37:05 Masonry
36:46 Cavalier
38:14 Town Watch
39:20 Atheism
38:22 Elite Tarkan
39:26 Conscription
39:50 Iron Casting
39:38 Bodkin Arrow
40:07 Chain Barding Armor
40:47 Paladin
41:46 Bracer
42:52 Blast Furnace
45:22 Town Patrol
51:01 Hussar
Connection lost

Rejoining the realm…

Still unreachable

The connection could not be restored.

Session expired

The server has moved on; the page needs a fresh start.